 Dungeon Crawl Stone Soup version 0.21.1-1-g345015f (webtiles) character file.

272 Taravok the Shield-Bearer (level 6, 0/53 HPs)
             Began as a Hill Orc Fighter on Apr 2, 2018.
             Slain by a worker ant (2 damage)
             ... on level 4 of the Dungeon.
             The game lasted 00:19:38 (3262 turns).

Taravok the Shield-Bearer (Hill Orc Fighter)        Turns: 3262, Time: 00:19:39

Health: 0/53       AC:  7    Str: 25    XL:     6   Next: 23%
Magic:  6/6        EV:  8    Int:  8    God:
Gold:   97         SH: 10    Dex: 11    Spells: 5/5 levels left

rFire    . . .     SeeInvis .   m - -1 short sword (curse)
rCold    . . .     Gourm    .   c - +0 shield
rNeg     . . .     Faith    .   b - +0 scale mail
rPois    .         Spirit   .   (no helmet)
rElec    .         Reflect  .   (no cloak)
rCorr    .         Harm     .   (no gloves)
MR       +....                  (no boots)
Stlth    ..........             (no amulet)
HPRegen  0.17/turn              t - ring of protection from magic
MPRegen  0.10/turn              (no ring)

@: mighty
A: no striking features
a: no special abilities


You were on level 4 of the Dungeon.
You were full.

You visited 1 branch of the dungeon, and saw 4 of its levels.

You collected 97 gold pieces.

Inventory:

Hand Weapons
 a - a +0 flail
 m - a cursed -1 short sword (weapon)
 v - a +0 hunting sling
Armour
 b - a +0 scale mail (worn)
 c - a +0 shield (worn)
 o - a +0 scale mail
Jewellery
 t - a ring of protection from magic (left hand)
Scrolls
 e - 2 scrolls of identify {unknown}
 h - 2 scrolls of enchant weapon {unknown}
 i - 2 scrolls of teleportation {unknown}
 k - 2 scrolls of remove curse {unknown}
 q - a scroll of fear {unknown}
Potions
 d - a potion of might
 g - a potion of flight {unknown}
 j - a potion of curing {unknown}
 l - 3 potions of mutation {unknown}
 n - a potion of lignification {unknown}
 p - a potion of ambrosia
 s - 2 potions of degeneration {unknown}
 u - a potion of haste {unknown}
 w - a potion of cancellation {unknown}
Comestibles
 f - 4 rations


   Skills:
 + Level 4.5 Fighting
 + Level 2.8 Short Blades
 + Level 2.4 Maces & Flails
 + Level 4.3 Armour
 + Level 1.3 Dodging
 + Level 4.6 Shields


You had 5 spell levels left.
You didn't know any spells.

Dungeon Overview and Level Annotations

Branches:
Dungeon (4/15)
 Temple: D:4-7

Altars:
Nemelex Xobeh
Ru

Annotations:
D:4 Sigmund


Message History

The hound barks!
The worker ant bites you.
* * * LOW HITPOINT WARNING * * *
You feel very mighty all of a sudden. The hound bites you.
* * * LOW HITPOINT WARNING * * *
You block the worker ant's attack.
You puncture the hound!
The hound is severely wounded.
Something hits you!
* * * LOW HITPOINT WARNING * * *
The hound barely misses you. The worker ant barely misses you.
You puncture the hound!
You kill the hound!
You block the worker ant's attack. Something hits you.
* * * LOW HITPOINT WARNING * * *
You puncture the worker ant!
The worker ant is heavily wounded.
The worker ant bites you.
You die...

# .# ## .. ... .#
...###### ..#
........###...#.#
.......{a@†......
........###..#...
.............#
.........##..#
.........# #
.........#
###......#
##########.#
#..........#


You could see a worker ant.

Vanquished Creatures
  A hound (D:4)
  2 orc priests (D:2)
  Terence (D:3)
  An orc wizard (D:2)
  7 adders
  6 worms
  3 dart slugs
  A leopard gecko (D:3)
  4 orcs
  A giant cockroach (D:1)
  6 goblins
  2 hobgoblins
  A quokka (D:2)
  4 bats
  5 frilled lizards
  5 kobolds
  7 rats
57 creatures vanquished.

Notes
Turn   | Place    | Note
-------+----------+-------------------------------------------
     0 | D:1      | Taravok the Hill Orc Fighter began the quest for the Orb.
     0 | D:1      | Reached XP level 1. HP: 19/19 MP: 1/1
   366 | D:1      | Reached XP level 2. HP: 25/27 MP: 2/2
  1110 | D:2      | Reached XP level 3. HP: 29/33 MP: 3/3
  1172 | D:2      | Found a sparkling altar of Nemelex Xobeh.
  1197 | D:2      | Found a sacrificial altar of Ru.
  1850 | D:3      | Reached skill level 1 in Dodging
  1996 | D:3      | Noticed Terence
  2018 | D:3      | Reached XP level 4. HP: 32/40 MP: 4/4
  2023 | D:3      | Killed Terence
  2023 | D:3      | Reached skill level 1 in Short Blades
  2345 | D:3      | Reached XP level 5. HP: 36/47 MP: 5/5
  2935 | D:2      | Reached XP level 6. HP: 52/53 MP: 6/6
  3211 | D:4      | Noticed Sigmund
  3261 | D:4      | HP: 2/53 [something (2)]
  3262 | D:4      | Slain by a worker ant

Skill      XL: |  1  2  3  4  5 |
---------------+----------------+-----
Fighting       | 4 |  4.5
Dodging        | 1 |  1.3
Short Blades   | 1 2 |  2.8
Shields        | 4 |  4.6
Armour         | 4 |  4.3
Maces & Flails | |  2.4

Action                   |  1- 3 |  4- 6 || total
-------------------------+-------+-------++-------
Melee: Flail             |    23 |       ||    23
       Short sword       |   153 |   189 ||   342
  Use: Potion            |       |     4 ||     4
       Scroll            |       |     1 ||     1
  Eat: Chunk             |     2 |       ||     2
       Ration            |     1 |     2 ||     3
Armor: Scale mail        |    86 |    83 ||   169
Dodge: Dodged            |    55 |    48 ||   103
Block: Shield            |   108 |    88 ||   196
